 Dungeon Crawl Stone Soup version 0.22.0-38-g04b72b8 (webtiles) character file.

14633 Lew the Cleaver (level 12, -11/69 HPs)
             Began as a Gargoyle Fighter on Aug 30, 2018.
             Was an Initiate of Gozag.
             Killed from afar by a wizard (42 damage)
             ... with a bolt of cold
             ... on level 11 of the Dungeon.
             The game lasted 00:23:46 (10913 turns).

Lew the Cleaver (Gargoyle Fighter)                 Turns: 10913, Time: 00:23:54

Health: -11/69     AC: 18    Str: 20    XL:     12   Next: 18%
Magic:  12/12      EV: 19    Int: 10    God:    Gozag
Gold:   2741       SH: 12    Dex: 21    Spells: 11/11 levels left

rFire    . . .     SeeInvis .   a - +1 war axe (flame)
rCold    . . .     Gourm    .   c - +1 shield
rNeg     + . .     Faith    .   b - +0 scale mail
rPois    ∞         Spirit   .   (helmet restricted)
rElec    +         Reflect  .   (no cloak)
rCorr    .         Harm     .   G - +0 pair of gloves
MR       +....                  D - +0 pair of boots
Stlth    +++.......             (no amulet)
HPRegen  0.21/turn              v - +3 ring of dexterity
MPRegen  0.13/turn              x - ring of protection from magic

@: agile
A: horns 1, repulsion field 1, deterioration 1, negative energy resistance 1,
electricity resistance, unbreathing, petrification resistance, rot immunity,
MP-powered wands, AC +8
a: Potion Petition, Call Merchant, Bribe Branch, Renounce Religion


You were on level 11 of the Dungeon.
You worshipped Gozag.
Gozag was most pleased with you.
You were very hungry.

You visited 2 branches of the dungeon, and saw 12 of its levels.

You collected 2774 gold pieces.
You paid 33 gold pieces to Gozag.

Inventory:

Hand Weapons
 a - a +1 war axe of flaming (weapon)
 j - a +1 whip of electrocution
Missiles
 e - 7 tomahawks of dispersal (quivered)
Armour
 b - a +0 scale mail (worn)
 c - a +1 shield (worn)
 C - a +0 helmet
 D - a +0 pair of boots (worn)
 G - a +0 pair of gloves (worn)
Jewellery
 g - an uncursed ring of ice
 h - an uncursed amulet of the gourmand {unknown}
 t - an uncursed ring of ice
 v - a +3 ring of dexterity (left hand)
 w - an uncursed ring of stealth
 x - a ring of protection from magic (right hand)
 H - an uncursed ring of resist corrosion
Wands
 p - a wand of polymorph (9)
 s - a wand of flame (30)
 y - a wand of random effects (28)
Scrolls
 i - a scroll of amnesia
 l - a scroll of identify
 n - 2 scrolls of remove curse
 o - a scroll of fog
 A - 3 scrolls of enchant armour
 E - 2 scrolls of vulnerability
Potions
 d - a potion of might
 f - 2 potions of curing
 m - 4 potions of haste
 q - a potion of ambrosia
 r - 3 potions of flight
 u - a potion of cancellation
 F - a potion of brilliance
Comestibles
 B - 10 rations


   Skills:
 + Level 5.8 Fighting
 - Level 14.0 Axes
 + Level 5.9 Armour
 + Level 5.5 Dodging
 + Level 6.1 Stealth
 + Level 5.9 Shields


You had 11 spell levels left.
You didn't know any spells.
Your spell library contained the following spells:

 Spells                   Type           Power        Failure   Level  Hunger
 Animate Skeleton         Necr           N/A          97%         1    ##.....
 Confusing Touch          Hex            #.....       97%         1    ##.....
 Pain                     Necr           #...         97%         1    ##.....
 Sandblast                Erth           #.....       97%         1    ##.....
 Passwall                 Tmut/Erth      #.......     99%         2    ###....
 Confuse                  Hex            #.......     100%        3    ####...
 Gell's Gravitas          Tloc           #.........   100%        3    ####...
 Regeneration             Chrm/Necr      #.........   100%        3    ####...
 Stone Arrow              Conj/Erth      #.....       100%        3    ####...
 Vampiric Draining        Necr           #.........   100%        3    ####...
 Animate Dead             Necr           N/A          100%        4    #####..
 Leda's Liquefaction      Hex/Erth       #.........   100%        4    #####..
 Petrify                  Tmut/Erth      #.......     100%        4    #####..
 Bolt of Magma            Conj/Fire/Erth #.........   100%        5    ######.
 Lee's Rapid Deconstruct  Erth           #.........   100%        5    ######.
 Metabolic Englaciation   Hex/Ice        #.........   100%        5    ######.
 Yara's Violent Unravell  Hex/Tmut       #.........   100%        5    ######.
 Iron Shot                Conj/Erth      #.........   100%        6    #######
 Shatter                  Erth           #.........   100%        9    #######
 Statue Form              Tmut/Erth      Unusable     N/A         6    N/A

Dungeon Overview and Level Annotations

Branches:
Dungeon (11/15)            Temple (1/1) D:5            Lair (0/6) D:8
    Orc (0/2) D:11

Altars:
Ashenzari
Cheibriados
Dithmenos
Elyvilon
Fedhas
Gozag
Hepliaklqana
Kikubaaqudgha
Makhleb
Nemelex Xobeh
Okawaru
Qazlal
Ru
Sif Muna
Trog
Uskayaw
Vehumet
Wu Jian
Xom
Yredelemnul
Zin
The Shining One


Innate Abilities, Weirdness & Mutations

You are resistant to torment.
Your stone body is resilient. (AC +8)
You are immune to poison.
You resist negative energy. (rN+)
You are resistant to electric shocks. (rElec)
You can survive without breathing.
You are immune to petrification.
You are immune to rotting.
You have a pair of small horns on your head.
You are surrounded by a mild repulsion field. (EV +2)
Your body sometimes deteriorates upon taking damage.
You expend magic power (3 MP) to strengthen your wands.


Message History

You feel agile all of a sudden.
The wizard points at you and mumbles some strange words.
You block the crystal spear.
You closely miss the wizard. Your headbutt misses the wizard.
You barely miss the wizard. You headbutt the wizard.
The wizard is lightly wounded.
The wizard hits you but does no damage.
You miss the wizard. Your headbutt misses the wizard.
The wizard is lightly wounded.
The wizard hits you but does no damage.
You slash the wizard! You burn the wizard. You headbutt the wizard.
The wizard is heavily wounded.
The wizard barely misses you.
You hit the wizard. You burn the wizard.
The wizard is severely wounded.
The wizard casts a spell at you. The bolt of cold hits you!
Ouch! That really hurt!
You die...
Your body crumbles into a pile of gold.

#.##############
...............##
#.########.###..#
#.#############'######
.........#?.........?#
#.#########.........##
.........#?.........?#
#.######.##.........##
#.# #...#?.....@...?#
#.# #.#.##.....p...##
#.# #.#.#?.........?#
#.# #.#.##.........##
#.####.#.#?.........?#
#........#############
######)#.#.####
...............
#######...####


You could see a wizard.

Vanquished Creatures
  Snorg (D:11)
  Erolcha (D:11)
  A hydra (D:11)
  Pikel (D:8)
  A manticore (D:10)
  Psyche (D:11)
  A centaur skeleton (D:11)
  2 kobold demonologists (D:11)
  A troll (D:7)
  Prince Ribbit (D:6)
  2 hippogriffs (D:10)
  A vampire (D:11)
  A wraith (D:11)
  4 wyverns
  A basilisk (D:10)
  16 yaks
  A steam dragon (D:9)
  3 orc warriors
  3 ice beasts
  4 slaves (D:8)
  A necrophage (D:11)
  3 phantoms
  2 sky beasts
  3 ogres
  2 wolves (D:8)
  2 centaurs
  2 crocodiles
  7 big kobolds
  8 bullfrogs
  2 gnoll sergeants
  4 scorpions
  A water moccasin skeleton (D:8)
  8 wights (D:6)
  2 electric eels (D:8)
  3 crimson imps
  A howler monkey (D:7)
  3 centaur zombies
  4 bullfrog zombies
  4 quasits (D:3)
  14 orc priests
  A jelly (D:11)
  13 orc wizards
  9 hounds
  2 bullfrog skeletons (D:5)
  3 iguanas
  7 worker ants
  A killer bee zombie (D:5)
  A hound zombie (D:10)
  3 hound skeletons
  A worker ant zombie (D:7)
  Robin (D:4)
  10 gnolls
  A howler monkey skeleton (D:5)
  11 adders
  8 shadow imps
  An adder zombie (D:9)
  2 adder skeletons
  3 worms
  The ghost of Lew the Skirmisher, a weakling HOFi (D:3)
  3 dart slugs
  6 leopard geckos
  51 orcs
  5 bats
  3 giant cockroaches (D:2)
  11 hobgoblins
  10 jackals
  4 quokkas
  A ball python zombie (D:5)
  4 frilled lizards
  20 goblins
  A jackal skeleton (D:5)
  20 kobolds
  A leopard gecko zombie (D:5)
  A quokka skeleton (D:5)
  A quokka zombie (D:4)
  9 rats
353 creatures vanquished.

Vanquished Creatures (others)
  A bullfrog (D:11)
1 creature vanquished.

Grand Total: 354 creatures vanquished

Notes
Turn   | Place    | Note
-------+----------+-------------------------------------------
     0 | D:1      | Lew the Gargoyle Fighter began the quest for the Orb.
     0 | D:1      | Reached XP level 1. HP: 14/14 MP: 1/1
    51 | D:1      | Reached skill level 2 in Axes
   248 | D:1      | Reached XP level 2. HP: 19/19 MP: 2/2
   958 | D:2      | Found a white marble altar of Elyvilon.
   968 | D:2      | Reached XP level 3. HP: 23/23 MP: 3/3
   987 | D:2      | Reached skill level 1 in Stealth
  1011 | D:2      | Reached XP level 4. HP: 19/28 MP: 4/4
  1298 | D:2      | Found a sacrificial altar of Ru.
  1600 | D:3      | Reached skill level 1 in Dodging
  1628 | D:3      | Noticed Lew's ghost (weakling HOFi)
  1647 | D:3      | Found a transporter.
  1732 | D:3      | Found an opulent altar of Gozag.
  1791 | D:3      | Became a worshipper of Gozag Ym Sagoz the Greedy
  1871 | D:3      | Reached XP level 5. HP: 33/33 MP: 5/5
  1924 | D:3      | Found a transporter.
  1993 | D:3      | Reached skill level 3 in Axes
  2039 | D:3      | Found an opulent altar of Gozag.
  2039 | D:3      | Found a sparkling altar of Nemelex Xobeh.
  2314 | D:3      | Killed Lew's ghost
  2323 | D:3      | Reached XP level 6. HP: 23/38 MP: 6/6
  2865 | D:4      | Found a basalt altar of Yredelemnul.
  2983 | D:4      | Found an iron altar of Okawaru.
  3133 | D:4      | Noticed Robin
  3143 | D:4      | Reached XP level 7. HP: 34/43 MP: 7/7
  3160 | D:4      | Killed Robin
  3481 | D:4      | Found a white marble altar of Elyvilon.
  3744 | D:5      | Entered Level 5 of the Dungeon
  3760 | D:5      | Found a staircase to the Ecumenical Temple.
  3776 | Temple   | Entered the Ecumenical Temple
  3915 | D:5      | Reached skill level 4 in Axes
  4468 | D:5      | Reached XP level 8. HP: 48/48 MP: 8/8
  4878 | D:6      | Reached skill level 5 in Shields
  4913 | D:6      | Gained mutation: You expend magic power (3 MP) to strengthen your wands. [potion of mutation]
  4913 | D:6      | Gained mutation: Your body sometimes deteriorates upon taking damage. [potion of mutation]
  4913 | D:6      | Gained mutation: You are surrounded by a mild repulsion field. (EV +2) [potion of mutation]
  4913 | D:6      | Gained mutation: You have a pair of small horns on your head. [potion of mutation]
  4934 | D:6      | Reached skill level 5 in Fighting
  4934 | D:6      | Reached skill level 5 in Armour
  4948 | D:6      | Noticed Prince Ribbit
  5091 | D:6      | Reached skill level 5 in Axes
  5125 | D:6      | Found a hide-covered altar of Uskayaw.
  5219 | D:6      | Killed Prince Ribbit
  5219 | D:6      | Reached skill level 6 in Axes
  5219 | D:6      | Reached skill level 5 in Stealth
  5275 | D:6      | Found a deep blue altar of Sif Muna.
  5434 | D:6      | Reached XP level 9. HP: 52/54 MP: 9/9
  5543 | D:6      | Reached skill level 7 in Axes
  6199 | D:8      | Noticed a troll
  6230 | D:7      | Killed a troll
  6230 | D:7      | Reached skill level 8 in Axes
  6407 | D:8      | Reached skill level 5 in Dodging
  6486 | D:8      | Found a staircase to the Lair.
  6501 | D:8      | Reached skill level 9 in Axes
  6530 | D:7      | Reached XP level 10. HP: 18/59 MP: 10/10
  7072 | D:8      | Found a glowing golden altar of the Shining One.
  7087 | D:8      | Found an ancient bone altar of Kikubaaqudgha.
  7105 | D:8      | Found a radiant altar of Vehumet.
  7161 | D:8      | Noticed Pikel
  7181 | D:8      | Killed Pikel
  7181 | D:8      | Reached skill level 10 in Axes
  7984 | D:9      | Reached skill level 11 in Axes
  8393 | D:10     | Entered Level 10 of the Dungeon
  8505 | D:10     | Noticed a manticore
  8516 | D:10     | Killed a manticore
  8624 | D:10     | Reached skill level 12 in Axes
  8624 | D:10     | Reached XP level 11. HP: 62/63 MP: 11/11
  9346 | D:11     | Reached skill level 13 in Axes
  9540 | D:11     | Noticed Psyche
  9557 | D:11     | Killed Psyche
  9583 | D:11     | Noticed Erolcha
  9583 | D:11     | Noticed a six-headed hydra
  9818 | D:11     | Killed Erolcha
  9940 | D:11     | Reached skill level 14 in Axes
 10373 | D:11     | Reached XP level 12. HP: 68/68 MP: 12/12
 10415 | D:11     | Noticed Snorg
 10434 | D:11     | Killed Snorg
 10675 | D:11     | Found a staircase to the Orcish Mines.
 10759 | D:11     | Killed a one-headed hydra
 10913 | D:11     | Killed from afar by a wizard

Skill      XL: |  1  2  3  4  5  6  7  8  9 10 11 12 |
---------------+-------------------------------------+-----
Axes           | 2 3 4 6 9 12 14 | 14.0
Stealth        | 1 2 3 5 6 |  6.1
Dodging        | 1 2 3 5 |  5.5
Fighting       | 4 5 |  5.8
Shields        | 4 5 |  5.9
Armour         | 4 5 |  5.9

Action                   |  1- 3 |  4- 6 |  7- 9 | 10-12 || total
-------------------------+-------+-------+-------+-------++-------
Melee: War axe           |    66 |     5 |   154 |   568 ||   793
       Whip              |    30 |   230 |   221 |       ||   481
       Headbutt          |       |       |    41 |   123 ||   164
  Use: Potion            |     3 |       |     6 |     6 ||    15
       Scroll            |     2 |       |    23 |     6 ||    31
 Stab: Distracted        |       |     1 |     1 |     5 ||     7
       Invisible         |       |       |       |     6 ||     6
       Sleeping          |       |       |       |     2 ||     2
  Eat: Chunk             |       |     2 |       |       ||     2
       Ration            |       |     2 |     3 |     4 ||     9
Armor: Scale mail        |    49 |   144 |   164 |   159 ||   516
Dodge: Dodged            |    25 |   105 |   167 |   220 ||   517
Block: Shield            |    50 |   129 |   222 |   259 ||   660
